 Dungeon Crawl Stone Soup version 0.29-a0-559-g359e09b (webtiles) character file.

Game seed: 1186488014671062981

1565 Dawnplanks the Grappler (level 8, 0/78 HPs)
             Began as a Troll Berserker on June 10, 2022.
             Was a Priest of Trog.
             Engulfed by a cloud of freezing vapour (18 damage)
             ... on level 6 of the Dungeon.
             The game lasted 00:15:21 (5016 turns).

Dawnplanks the Grappler (Troll Berserker)           Turns: 5016, Time: 00:15:22

Health: 0/78       AC: 11    Str: 28    XL:     8   Next: 59%
Magic:  7/7        EV: 11    Int:  3    God:    Trog [***...]
Gold:   242        SH:  0    Dex:  9    Spells: 7/7 levels left

rFire   . . .      SeeInvis .     - Unarmed
rCold   . . .      Faith    .   (no shield)
rNeg    . . .      Spirit   .   a - +0 animal skin
rPois   .          Reflect  .   (helmet restricted)
rElec   .          Harm     .   l - +2 cloak
rCorr   .          Rampage  .   (gloves unavailable)
Will    ++...                   (boots unavailable)
Stlth   +.........              (no amulet)
HPRegen 2.03/turn               v - +4 ring of protection
MPRegen 0.10/turn               (no ring)

@: strong-willed, regenerating
A: large, unfitting armour, claws 3, regeneration 1, shaggy fur 1, tough skin 1
a: Renounce Religion, Berserk, Trog's Hand


You were on level 6 of the Dungeon.
You worshipped Trog.
Trog was most pleased with you.
You visited 2 branches of the dungeon, and saw 7 of its levels.

You collected 242 gold pieces.

Inventory:

Missiles
 t - a throwing net (quivered)
Armour
 a - a +0 animal skin (worn)
 f - a +0 ring mail
 l - a +2 cloak (worn)
 u - a scarf of shadows
Jewellery
 v - a +4 ring of protection (left claw)
Wands
 x - a wand of paralysis (3)
Scrolls
 c - a scroll of teleportation {unknown}
 d - 5 scrolls of blinking {unknown}
 e - 8 scrolls of identify {unknown}
 i - 2 scrolls of torment {unknown}
 j - a scroll of fear {unknown}
 n - a scroll of noise {unknown}
 o - a scroll of magic mapping {unknown}
 r - a scroll of poison {unknown}
 y - a scroll of enchant armour {unknown}
Potions
 b - a potion of lignification {unknown}
 g - 2 potions of flight {unknown}
 h - a potion of invisibility {unknown}
 k - 2 potions of resistance {unknown}
 m - 2 potions of brilliance {unknown}
 p - a potion of curing {unknown}
 q - a potion of degeneration {unknown}
 s - 2 potions of might {unknown}
 w - a potion of cancellation {unknown}


   Skills:
 + Level 4.0 Fighting
 + Level 5.2 Dodging
 - Level 0.2 Stealth
 + Level 9.0 Unarmed Combat


You had 7 spell levels left.
You didn't know any spells.
Your spell library contained the following spells:

 Spells                   Type           Power      Damage    Failure   Level
 Gell's Gravitas          Tloc           0%         N/A       88%         3
 Lesser Beckoning         Tloc           0%         N/A       88%         3
 Teleport Other           Tloc           0%         N/A       88%         3
 Dispersal                Tloc           0%         N/A       100%        6
 Chain Lightning          Conj/Air       0%         N/A       100%        9
 Fire Storm               Conj/Fire      0%         5d1       100%        9
 Shatter                  Erth           0%         3d5*      100%        9


Dungeon Overview and Level Annotations

Branches:
Dungeon (6/15)             Temple (1/1) D:5

Altars:
Ashenzari
Cheibriados
Dithmenos
Elyvilon
Fedhas
Gozag
Hepliaklqana
Kikubaaqudgha
Makhleb
Nemelex Xobeh
Okawaru
Qazlal
Ru
Sif Muna
Trog
Uskayaw
Vehumet
Wu Jian
Xom
Yredelemnul
Zin
The Shining One

Shops:
D:4 =


Innate Abilities, Weirdness & Mutations

You are too large for most types of armour.
You have claws for hands.
Your natural rate of healing is unusually fast.
You are covered in fur. (AC +1)
You have tough skin. (AC +1)


Message History

Your Fighting skill increases to level 4!
No target in view!
HP restored.
Found a trident, a leather armour and 6 large rocks.
No target in view!
Sorry, I don't know how to get there.
An ogre comes into view. It is wielding a +0 giant club.
The ogre shouts!
The ogre barely misses you.
You mangle the ogre!!
The ogre is almost dead.
You closely miss the ogre.
The ogre is almost dead.
The ogre barely misses you.
You closely miss the ogre.
The ogre is almost dead.
You scratch the ogre.
You kill the ogre!
Trog accepts your kill.
Your Unarmed Combat skill increases to level 9!
No target in view!
Things that are here:
a +0 giant club; an ogre corpse
Found 4 gold pieces.
You open the door.
Really walk into a travel-excluded area? [Y]es or [N]o only, please.
Really walk into a travel-excluded area? [Y]es or [N]o only, please.
Really walk into a travel-excluded area?
There is an open door here.
You are engulfed in freezing vapours.
You are engulfed in freezing vapours.
Your skin crawls.
You feel strong-willed.
You are engulfed in freezing vapours.
You are engulfed in freezing vapours.
* * * LOW HITPOINT WARNING * * *
You are engulfed in freezing vapours.
You die...

#.# #.# #.#
#.#### #.#
#....# ..#
####.######
..#
#.######
..#
#<#.§○##
..#
###§#○##
#.# ##§#○##
#.# ##§#@##
#.##
##§#○##
#..#
##§#○##
#..#
##§#○##
#..#
##§#○##
##(#
##.#§##
#.##
##○#§##
#..#
##○#§##
#..#
##.#.##


There were no monsters in sight!

Vanquished Creatures
  Prince Ribbit (D:5)
  Sigmund (D:2)
  A water moccasin (D:5)
  An orc warrior (D:6)
  A black bear (D:6)
  2 ogres
  Blork the orc (D:5)
  A howler monkey (D:6)
  4 hounds
  An orc priest (D:5)
  2 jellies
  A gnoll shaman (D:3)
  Crazy Yiuf (D:2)
  Terence (D:2)
  3 orc wizards
  An iguana (D:4)
  8 gnolls
  8 adders
  2 shadow imps (D:5)
  5 worms
  A dart slug (D:2)
  13 orcs
  2 bats (D:1)
  10 endoplasms
  5 giant cockroaches
  5 goblins
  9 hobgoblins
  6 kobolds
  6 quokkas
  10 ball pythons
  3 frilled lizards
  8 rats
124 creatures vanquished.

Notes
Turn   | Place    | Note
-------+----------+-------------------------------------------
     0 | D:1      | Dawnplanks the Troll Berserker began the quest for the Orb.
     0 | D:1      | Reached XP level 1. HP: 22/22 MP: 0/0
   115 | D:1      | Reached XP level 2. HP: 27/29 MP: 1/1
   460 | D:2      | Reached XP level 3. HP: 36/36 MP: 2/2
   467 | D:2      | Noticed Terence
   482 | D:2      | Killed Terence
   485 | D:2      | Reached XP level 4. HP: 14/45 MP: 3/3
   487 | D:2      | Reached ** piety under Trog
   488 | D:2      | Reached skill level 4 in Unarmed Combat
   736 | D:2      | Found a runed translucent door.
   737 | D:2      | Noticed Crazy Yiuf
   815 | D:2      | Killed Crazy Yiuf
   952 | D:2      | Reached XP level 5. HP: 53/53 MP: 4/4
   961 | D:2      | Found a radiant altar of Vehumet.
  1003 | D:2      | Noticed Sigmund
  1014 | D:2      | Killed Sigmund
  1015 | D:2      | Reached skill level 5 in Unarmed Combat
  1015 | D:2      | Reached XP level 6. HP: 61/61 MP: 5/5
  1723 | D:3      | Reached skill level 6 in Unarmed Combat
  2436 | D:3      | Found a faded altar of an unknown god.
  2489 | D:4      | Found Opicast's Jewellery Shop.
  2507 | D:4      | Reached *** piety under Trog
  3177 | D:4      | Reached XP level 7. HP: 64/67 MP: 6/6
  3414 | D:5      | Entered Level 5 of the Dungeon
  3545 | D:5      | Reached skill level 7 in Unarmed Combat
  3683 | D:5      | Found a staircase to the Ecumenical Temple.
  3697 | Temple   | Entered the Ecumenical Temple
  3991 | D:5      | Noticed Blork the orc
  3994 | D:5      | Killed Blork the orc
  4281 | D:5      | Found a white marble altar of Elyvilon.
  4448 | D:5      | Noticed Prince Ribbit
  4479 | D:5      | Killed Prince Ribbit
  4480 | D:5      | Reached skill level 8 in Unarmed Combat
  4480 | D:5      | Reached XP level 8. HP: 56/78 MP: 7/7
  4758 | D:6      | Reached skill level 5 in Dodging
  4984 | D:6      | Reached skill level 9 in Unarmed Combat
  5016 | D:6      | Engulfed by a cloud of freezing vapour

Illustrated notes

Levels and vault maps discovered:
D:1:      nicolae_arrival_memento_mori, layout_rooms, hangedman_glass_teeth,
          nrook_campfire, hex_large
D:2:      minmay_evil_eye, layout_loops_ring, basic_altar,
          minmay_misc_feat_pillars, uniq_crazy_yiuf_cottage, uniq_sigmund,
          uniq_terence
D:3:      minmay_inner_zag, layout_basic,
          shapermc_ecumenical_altar_mp_urbaneastern
D:4:      layout_gridville, nicolae_inconvenience_store, grunt_decor_junction
D:5:      layout_loops_corners, mainiacjoe_overflow_concentric_impassable,
          minmay_temple_entry_large_hall, st_stairs_9, uniq_prince_ribbit1,
          uniq_blork_the_orc
D:6:      lemuel_ice_spiral_2, layout_basic
Temple:   regret_index_temple_chain_breaker

Skill      XL: |  1  2  3  4  5  6  7  8 |
---------------+-------------------------+-----
Fighting       | 3 4 |  4.0
Dodging        | 3 4 5 |  5.2
Unarmed Combat | 4 5 6 8 9 |  9.0
Stealth        | |  0.2

Action                   |  1- 3 |  4- 6 |  7- 9 || total
-------------------------+-------+-------+-------++-------
Melee: Unarmed           |    78 |   153 |   108 ||   339
       Punch             |     1 |     5 |     3 ||     9
Invok: Berserk           |     1 |     2 |     3 ||     6
       Trog's Hand       |       |       |     3 ||     3
 Stab: Sleeping          |       |     1 |       ||     1
Armor: Animal skin       |    34 |    39 |    65 ||   138
Dodge: Dodged            |    44 |    80 |    76 ||   200

Table legend: (Time is in decaauts)
 A = Elapsed time spent in this place.
 B = Non-inter-level travel time spent in this place.
 C = Inter-level travel time spent in this place.
 D = Time resting spent in this place.
 E = Time spent auto-exploring this place.
 F = Levels seen in this place.
 G = Mean time per level.
                   A        B        C        D        E       F      G
               +--------+--------+--------+--------+--------+-----+--------+
         Total |   5028 |   4591 |    437 |    143 |   3673 |   7 |  718.3 |
       Dungeon |   4800 |   4497 |    303 |    143 |   3596 |   6 |  800.0 |
        Temple |    227 |     93 |    134 |      0 |     77 |   1 |  227.0 |
               +--------+--------+--------+--------+--------+-----+--------+

Top non-repeatable levels by time:
     D:3: 1119 daAuts
     D:5: 986 daAuts
     D:4: 983 daAuts
     D:2: 901 daAuts
     D:1: 448 daAuts
     D:6: 361 daAuts
  Temple: 227 daAuts
